 Dungeon Crawl Stone Soup version 0.29.1-13-g9f3cf754e1 (webtiles) character file.

Game seed: 1669093917068939759

2644 jbradecamp the Spear-Bearer (level 9, 0/72 HPs)
             Began as a Merfolk Chaos Knight on Jan 26, 2023.
             Was a Plaything of Xom.
             Succumbed to a killer bee's poison
             ... on level 8 of the Dungeon.
             The game lasted 00:59:43 (6025 turns).

jbradecamp the Spear-Bearer (Merfolk Chaos Knight)  Turns: 6025, Time: 00:59:46

Health: 0/72       AC:  9    Str: 20    XL:     9   Next: 62%
Magic:  8/10       EV: 14    Int: 14    God:    Xom [.*....]
Gold:   280        SH:  0    Dex: 11    Spells: 3/9 levels left

rFire   . . .      SeeInvis .   a - +0 spear (chaos)
rCold   . . .      Faith    .   (no shield)
rNeg    + . .      Spirit   .   b - +2 leather armour
rPois   .          Reflect  .   (helmet restricted)
rElec   .          Harm     .   (no cloak)
rCorr   .          Rampage  .   h - +0 pair of gloves
Will    .....                   (no boots)
Stlth   ++........              (no amulet)
HPRegen 0.22/turn               k - ring of positive energy
MPRegen 0.12/turn               (no ring)

@: lethally poisoned (0 -> -3)
A: (nimble swimmer 2), mertail, antennae 1, claws 1, iridescent scales 1, clever
1, shaggy fur 1, strong 1, MP-powered wands, noise suppression
a: Renounce Religion


You were on level 8 of the Dungeon.
You worshipped Xom.
You were a plaything of Xom.
You visited 2 branches of the dungeon, and saw 9 of its levels.

You collected 280 gold pieces.

Inventory:

Hand Weapons
 a - a +0 spear of chaos (weapon)
Armour
 b - a +2 leather armour (worn)
 h - a +0 pair of gloves (worn)
Jewellery
 k - a ring of positive energy (left hand)
Wands
 i - a wand of roots (4) (quivered)
Scrolls
 d - a scroll of poison
 f - 2 scrolls of magic mapping
 g - 2 scrolls of noise
 j - a scroll of identify
 l - a scroll of amnesia
 m - a scroll of blinking {unknown}
Potions
 n - a potion of ambrosia {unknown}
Miscellaneous
 c - a piece from Xom's chessboard (14/15)
 e - a box of beasts (inert)


   Skills:
 + Level 7.1 Fighting
 + Level 10.7 Polearms
 + Level 3.7 Armour
 + Level 7.4 Dodging
 + Level 4.0 Stealth
 + Level 0.9 Spellcasting
 + Level 1.2 Hexes
 + Level 0.7 Evocations


You had 3 spell levels left.
You knew the following spells:

 Your Spells              Type           Power      Damage    Failure   Level
a - Slow                  Hex            16%        N/A       19%         1
b - Confusing Touch       Hex            4%         N/A       50%         3
c - Passwall              Tmut/Erth      0%         N/A       43%         2

Your spell library contained the following spells:

 Spells                   Type           Power      Damage    Failure   Level
 Ensorcelled Hibernation  Hex/Ice        4%         N/A       34%         2
 Blink                    Tloc           0%         N/A       43%         2
 Portal Projectile        Hex/Tloc       4%         N/A       56%         3
 Call Canine Familiar     Summ           0%         N/A       67%         3
 Lesser Beckoning         Tloc           0%         N/A       67%         3
 Stone Arrow              Conj/Erth      0%         3d7       67%         3
 Swiftness                Air            0%         N/A       67%         3
 Vampiric Draining        Necr           0%         2d6       67%         3
 Leda's Liquefaction      Hex/Erth       1%         N/A       93%         4
 Animate Armour           Summ/Erth      0%         N/A       97%         4
 Manifold Assault         Tloc           0%         N/A       100%        5
 Lehudib's Crystal Spear  Conj/Erth      0%         10d2      100%        8


Dungeon Overview and Level Annotations

Branches:
Dungeon (8/15)             Temple (1/1) D:6
   Lair: D:8-11

Altars:
Dithmenos
Wu Jian
Yredelemnul
Zin


Innate Abilities, Weirdness & Mutations

((You are very nimble when in or above water. (Stealth+, EV+, Speed+++)))
Your lower body shifts to a powerful aquatic tail in water.
You have a pair of small antennae on your head.
You have sharp fingernails.
You are partially covered in iridescent scales. (AC +2)
Your mind is acute. (Int +4, Str/Dex -1)
You are covered in fur. (AC +1)
Your muscles are strong. (Str +4, Int/Dex -1)
You expend magic power (3 MP) to strengthen your wands.
You passively dampen the noise of your surroundings.


Message History

You feel sick. The killer bee barely misses you.
You miss the killer bee.
The killer bee is heavily wounded.
The killer bee stings you.
* * * LOW HITPOINT WARNING * * *
You make a move on Xom's chessboard...
The killer bee flickers and vanishes!
Deactivating autopickup; reactivate with Ctrl-A.
You feel sick.
Something stings you but does no damage.
Something barely misses you.
You feel sick.
Something stings you but does no damage.
You feel sick.
You are no longer poisoned.
Something barely misses you.
Something stings you but does no damage.
Something stings you.
* * * LOW HITPOINT WARNING * * *
Something completely misses you. "This might be better!"
The scorpion seems to grow stronger.
Something stings you.
* * * LOW HITPOINT WARNING * * *
You are lethally poisoned!
Something poisons you! The scorpion attacks as you move away!
The scorpion closely misses you.
* * * LOW HITPOINT WARNING * * *
You feel sick.
Something stings you but does no damage.
The scorpion attacks as you move away! The scorpion closely misses you.
* * * LOW HITPOINT WARNING * * *
You feel sick.
Something stings you but does no damage.
There is a stone staircase leading down here.
* * * LOW HITPOINT WARNING * * *
You feel sick. Something barely misses you.
Something stings you but does no damage.
You climb downwards.
Reactivating autopickup.
You die...
Xom guffaws!

..... .....
......
......
######......
#...........
#.!.........
#...@...#
#....{..#
#.......#
#.......#
#.......#
#.......#
#########


There were no monsters in sight!

Vanquished Creatures
  Pikel (D:5)
  A hornet (D:6)
  Sigmund (D:2)
  A hog (shapeshifter) (D:4)
  Menkaure (D:5)
  2 black bears
  2 orc warriors (D:6)
  2 sky beasts
  A lemure (D:5)
  A necrophage (D:6)
  3 scorpions
  4 killer bees (D:7)
  A howler monkey (D:6)
  A jelly (D:6)
  A hound (D:5)
  6 orc priests
  2 iguanas
  7 orc wizards
  7 adders
  3 dart slugs
  28 orcs
  5 ball pythons
  2 bats
  5 endoplasms
  3 giant cockroaches
  4 goblins
  3 hobgoblins
  2 quokkas
  3 frilled lizards
  2 kobolds (D:2)
  6 rats
111 creatures vanquished.

Vanquished Creatures (others)
  An orc zombie (D:6)
1 creature vanquished.

Grand Total: 112 creatures vanquished

Notes
Turn   | Place    | Note
-------+----------+-------------------------------------------
     0 | D:1      | jbradecamp the Merfolk Chaos Knight began the quest for the
                  | Orb.
     0 | D:1      | Reached XP level 1. HP: 18/18 MP: 1/1
   184 | D:1      | Reached XP level 2. HP: 24/24 MP: 2/2
   403 | D:2      | Learned a level 1 spell: Slow
   438 | D:2      | XOM: silly message
   439 | D:2      | Noticed Sigmund
   457 | D:2      | XOM: potion effect (might)
   462 | D:2      | Killed Sigmund
   463 | D:2      | Reached skill level 6 in Polearms
   463 | D:2      | Reached skill level 1 in Armour
   463 | D:2      | Reached XP level 3. HP: 31/31 MP: 3/3
   463 | D:2      | Reached XP level 4. HP: 38/38 MP: 4/4
   463 | D:2      | Reached XP level 5. HP: 43/43 MP: 5/5
   847 | D:3      | Found an ornate altar of the Wu Jian Council.
   853 | D:3      | Noticed a spectral centipede
   853 | D:3      | Noticed a spectral black mamba
   853 | D:3      | Noticed a spectral cane toad
   900 | D:3      | XOM: cloud trail
  1196 | D:3      | Reached XP level 6. HP: 49/49 MP: 6/6
  1305 | D:3      | XOM: silly message
  1369 | D:4      | Noticed a shapeshifter
  1369 | D:4      | an endoplasm changed into a shapeshifter
  1369 | D:4      | Noticed a hog
  1369 | D:4      | a shapeshifter changed into a hog
  1372 | D:4      | XOM: divination: detect creatures
  1373 | D:4      | XOM: potion effect (might)
  1376 | D:4      | Killed a hog
  1377 | D:4      | Reached skill level 7 in Polearms
  1433 | D:4      | Found a basalt altar of Yredelemnul.
  1433 | D:4      | Found a shadowy altar of Dithmenos.
  1493 | D:4      | XOM: silly message
  1649 | D:4      | Learned a level 3 spell: Confusing Touch
  1652 | D:4      | Learned a level 2 spell: Passwall
  1687 | D:4      | XOM: divination: detect creatures
  1806 | D:4      | XOM: polymorph ogre -> scorpion
  1810 | D:4      | Reached skill level 1 in Stealth
  1810 | D:4      | Reached skill level 1 in Hexes
  1810 | D:4      | Reached XP level 7. HP: 53/55 MP: 6/8
  2575 | D:4      | XOM: give mutations
  2575 | D:4      | Gained mutation: You are partially covered in iridescent
                  | scales. (AC +2) [Xom's grace]
  2575 | D:4      | Gained mutation: You are somewhat resistant to further
                  | mutation. [Xom's grace]
  2575 | D:4      | Gained mutation: You expend magic power (3 MP) to
                  | strengthen your wands. [Xom's grace]
  2575 | D:4      | Gained mutation: You have sharp fingernails. [Xom's grace]
  2718 | D:4      | XOM: god gift: box of beasts
  2777 | D:4      | Reached skill level 5 in Fighting
  2821 | D:4      | XOM: divination: detect creatures
  2840 | D:4      | XOM: cleaving
  2944 | D:4      | XOM: divination: detect creatures
  3040 | D:4      | XOM: give mutations
  3040 | D:4      | Gained mutation: Your muscles are strong. (Str +4, Int/Dex
                  | -1) [Xom's grace]
  3040 | D:4      | Gained mutation: You possess an exceptional clarity of
                  | mind. [Xom's grace]
  3118 | D:4      | XOM: give mutations
  3118 | D:4      | Gained mutation: You are covered in fur. (AC +1) [Xom's
                  | grace]
  3118 | D:4      | Gained mutation: You have a pair of small antennae on your
                  | head. [Xom's grace]
  3118 | D:4      | Lost mutation: You are somewhat resistant to further
                  | mutation. [Xom's grace]
  3118 | D:4      | Gained mutation: You have hidden genetic potential. [Xom's
                  | grace]
  3179 | D:5      | Entered Level 5 of the Dungeon
  3334 | D:5      | XOM: potion effect (berserk rage)
  3347 | D:5      | Reached skill level 8 in Polearms
  3423 | D:5      | XOM: summons 1 hostile demon
  3438 | D:5      | XOM: confuse monster(s)
  3448 | D:5      | Reached XP level 8. HP: 63/63 MP: 9/9
  3491 | D:5      | Noticed Menkaure
  3503 | D:5      | Killed Menkaure
  3504 | D:5      | Reached skill level 5 in Dodging
  3591 | D:5      | Gained mutation: You passively dampen the noise of your
                  | surroundings. [hidden potential]
  3663 | D:5      | Noticed Pikel
  3663 | D:5      | XOM: 5-stop teleportation journey
  3669 | D:5      | XOM: swap monsters
  3691 | D:5      | XOM: repel stairs
  3948 | D:5      | Killed Pikel
  3949 | D:5      | Reached skill level 9 in Polearms
  3952 | D:5      | XOM: 2-stop teleportation journey
  4241 | D:5      | XOM: give mutation
  4241 | D:5      | Lost mutation: You possess an exceptional clarity of mind.
                  | [Xom's mischief]
  4457 | D:6      | XOM: cleaving
  4458 | D:6      | XOM: scenery: summon butterflies
  4473 | D:6      | XOM: noise
  4479 | D:6      | XOM: smoke on damage
  4823 | D:6      | Reached XP level 9. HP: 65/69 MP: 10/10
  4922 | D:6      | Noticed a hornet
  4965 | D:6      | XOM: summons 9 friendly demons
  4968 | D:6      | Paralysed by a hornet for 1 turns
  4980 | D:6      | HP: 3/71 [poisoned by a hornet]
  5091 | D:6      | XOM: cast spell 'Statue Form'
  5094 | D:6      | Killed a hornet
  5095 | D:6      | Reached skill level 10 in Polearms
  5103 | D:6      | Gained mutation: Your mind is acute. (Int +4, Str/Dex -1)
                  | [hidden potential]
  5103 | D:6      | Lost mutation: You have hidden genetic potential. [hidden
                  | potential expressed]
  5321 | D:6      | Found a glowing silver altar of Zin.
  5367 | D:6      | XOM: enchant monster (good)
  5396 | D:6      | XOM: smoke on damage
  5398 | D:6      | XOM: cast spell 'Necromutation'
  5418 | D:6      | XOM: confuse monster(s)
  5419 | D:6      | XOM: noise
  5500 | D:6      | Found a staircase to the Ecumenical Temple.
  5524 | Temple   | Entered the Ecumenical Temple
  6021 | D:7      | XOM: enchant monster (bad)
  6022 | D:7      | HP: 2/72 [poisoned by a killer bee]
  6025 | D:8      | Succumbed to a killer bee's poison

Illustrated notes

Levels and vault maps discovered:
D:1:      amcnicky_arrival_single_pillar, layout_basic,
          dreamdust_ecumenical_altar_angels_and_demons, serial_forest,
          infiniplex_forest_side_room, infiniplex_forest_lined_2,
          infiniplex_forest_corner_2, infiniplex_forest_lined_3,
          infiniplex_forest_corner_1, infiniplex_forest_lined_3,
          infiniplex_forest_straight_4, infiniplex_forest_zigzag_1,
          infiniplex_forest_lined_4_way
D:2:      minmay_spotlight, layout_basic, uniq_sigmund
D:3:      layout_rooms, pdpol_wu_jian_five_deadly_venoms, roderic_lattice_a
D:4:      layout_basic, gammafunk_temple_overflow_elements, grunt_ministairs_8
D:5:      layout_basic, minivault_4, kennysheep_generic_room_9, uniq_pikel,
          uniq_menkaure
D:6:      layout_basic, lemuel_round_altar, temple_fountains
D:7:      layout_loops_ring, enter_bailey_2
D:8:      layout_basic, mainiacjoe_overflow_catwalk
Temple:   regret_index_temple_generic_petals

Skill      XL: |  1  2  3  4  5  6  7  8  9 |
---------------+----------------------------+-----
Fighting       | 4 5 6 7 |  7.1
Polearms       | 6 7 8 9 10 | 10.7
Armour         | 1 2 3 |  3.7
Dodging        | 3 4 6 7 |  7.4
Stealth        | 1 3 4 |  4.0
Hexes          | 1 |  1.2
Spellcasting   | |  0.9
Evocations     | |  0.7

Action                   |  1- 3 |  4- 6 |  7- 9 || total
-------------------------+-------+-------+-------++-------
Melee: Spear             |    40 |    83 |   404 ||   527
       Punch             |       |     2 |     8 ||    10
 Cast: Slow              |       |     4 |       ||     4
Evoke: Wand              |       |       |     8 ||     8
       Box of beasts     |       |       |     1 ||     1
       Piece from Xom's  |       |       |     1 ||     1
  Use: Potion            |     3 |     3 |     5 ||    11
       Scroll            |       |     4 |     6 ||    10
 Stab: Paralysed         |       |     2 |       ||     2
       Confused          |       |       |     3 ||     3
       Sleeping          |       |       |     1 ||     1
       Distracted        |       |       |     1 ||     1
Armor: Leather armour    |     7 |    15 |   122 ||   144
       Skin              |       |       |     2 ||     2
Dodge: Dodged            |    17 |    38 |   222 ||   277
